 Dungeon Crawl Stone Soup version 0.30.1-9-gdf580d7c3d (webtiles) character file.

Game seed: 18349538238177521847

74 jagang the Slasher (level 4, 0/37 HPs)
             Began as a Human Berserker on Sept 27, 2023.
             Was a Believer of Trog.
             Slain by a gnoll
             ... wielding a +0 whip
              (2 damage)
             ... on level 2 of the Dungeon.
             The game lasted 00:02:42 (1100 turns).

jagang the Slasher (Human Berserker)                Turns: 1100, Time: 00:02:43

Health: 0/37       AC:  9    Str: 20    XL:     4   Next: 52%
Magic:  4/4        EV:  5    Int:  7    God:    Trog [**....]
Gold:   47         SH:  0    Dex: 12    Spells: 3/3 levels left

rFire   . . .        a - +0 falchion
rCold   . . .        (no shield)
rNeg    . . .        b - +0 chain mail
rPois   .            (no helmet)
rElec   .            (no cloak)
rCorr   .            (no gloves)
SInv    .            (no boots)
Will    ++...        (no amulet) Stlth
                     (no ring)
HPRegen 1.26/turn    (no ring)
MPRegen 0.09/turn

%: no passive effects
@: strong-willed, on berserk cooldown, regenerating, slowed, constricted, very
slow
A: no striking features
a: Renounce Religion, Berserk, Trog's Hand


You were on level 2 of the Dungeon.
You worshipped Trog.
Trog was pleased with you.
You visited 1 branch of the dungeon, and saw 2 of its levels.

You collected 47 gold pieces.

Inventory:

Hand Weapons
 a - a +0 falchion (weapon)
 e - a +1 dagger of freezing
Armour
 b - a +0 chain mail (worn)
 h - a +0 ring mail of cold resistance
Scrolls
 c - a scroll of poison {unknown}
 i - a scroll of brand weapon {unknown}
 k - a scroll of identify {unknown}
Potions
 d - a potion of degeneration {unknown}
 f - a potion of cancellation {unknown}
 g - a potion of brilliance {unknown}
 j - a potion of lignification {unknown}
 l - 2 potions of curing {unknown}


   Skills:
 * Level 3.7 Fighting
 * Level 3.7 Long Blades
 * Level 2.8 Armour
 + Level 2.3 Dodging


You had 3 spell levels left.
You didn't know any spells.
Your spell library was empty.

Dungeon Overview and Level Annotations

Branches:
Dungeon (2/15)

Altars:


Message History

The gnoll hits you with a +0 whip. The gnoll barely misses you.
The gnoll hits you but does no damage.
You barely miss the adder. The adder barely misses you.
The gnoll hits you with a +0 flail. The gnoll hits you with a +0 whip.
The gnoll hits you but does no damage. The gnoll barely misses you.
You closely miss the adder. The adder bites you but does no damage.
You miss the adder. The adder bites you but does no damage.
The gnoll hits you with a +0 spear. The gnoll hits you with a +0 whip.
The gnoll closely misses you. The gnoll barely misses you.
You barely miss the adder. The adder barely misses you.
The gnoll hits you with a +0 spear.
* * * LOW HITPOINT WARNING * * *
The gnoll hits you but does no damage. The gnoll hits you with a +0 whip.
* * * LOW HITPOINT WARNING * * *
The gnoll completely misses you.
You slash the adder!
The adder is severely wounded.
You are no longer berserk.
You are exhausted.
You feel yourself slow down. The adder bites you but does no damage.
The gnoll hits you but does no damage. The gnoll barely misses you.
The gnoll hits you but does no damage. The gnoll hits you with a +0 flail.
* * * LOW HITPOINT WARNING * * *
Okay, then.
Your skin crawls.
You feel strong-willed. The adder barely misses you.
The gnoll hits you but does no damage. x2
The ball python bites you but does no damage.
The ball python grabs you. The ball python constricts you.
The gnoll hits you with a +0 flail.
* * * LOW HITPOINT WARNING * * *
The adder bites you.
* * * LOW HITPOINT WARNING * * *
The gnoll hits you with a +0 spear.
* * * LOW HITPOINT WARNING * * *
You closely miss the ball python. The adder bites you but does no damage.
The ball python bites you.
* * * LOW HITPOINT WARNING * * *
The ball python constricts you. The gnoll hits you with a +0 whip.
You die...

#.......#####. #.
....#...........#.
##.##.⌠.+...........#.
...#...#...........+.
..##.##...........#. .
#........^.......#.
...
#............#####.
.....#gg†.........# #.
......g@..........#
#...
......SgS.......###
#... ..........!.....#
#... #+#+~P.P......###
#... #.P~~~.#.......
#...
+~P~PP~.#.........
..~P~~PP.#.........
..~~♣~~............
~PP............


You could see 4 gnolls, an adder and a ball python.

Vanquished Creatures
  4 gnolls
  A dart slug (D:1)
  4 endoplasms
  2 giant cockroaches (D:1)
  3 hobgoblins
  3 jackals (D:1)
  4 kobolds
  A ball python (D:1)
  A bat (D:2)
  2 frilled lizards (D:1)
  4 goblins
  5 rats
34 creatures vanquished.

Notes
Turn   | Place    | Note
-------+----------+-------------------------------------------
     0 | D:1      | jagang the Human Berserker began the quest for the Orb.
     0 | D:1      | Reached XP level 1. HP: 18/18 MP: 1/1
   193 | D:1      | Reached XP level 2. HP: 24/24 MP: 2/2
   540 | D:1      | Reached XP level 3. HP: 24/29 MP: 3/3
   920 | D:2      | Reached ** piety under Trog
   988 | D:2      | Reached XP level 4. HP: 35/35 MP: 4/4
  1099 | D:2      | HP: 1/37 [gnoll/+0 spear (3)]
  1100 | D:2      | Slain by a gnoll

Illustrated notes

Levels and vault maps discovered:
D:1:      roderic_crossed_star, layout_loops_ring
D:2:      layout_basic, shapermc_ecumenical_altar_hornbeckon,
          grunt_ministairs_13, serial_bayou_lagoon_a

Action                     |  1- 3 |  4- 6 || total
---------------------------+-------+-------++-------
  Melee: Falchion          |   113 |    23 ||   136
 Invoke: Berserk           |     1 |     1 ||     2
         Trog's Hand       |       |     1 ||     1
 Armour: Scale mail        |     6 |       ||     6
         Animal skin       |     1 |       ||     1
         Chain mail        |    41 |    21 ||    62
  Dodge: Dodged            |    44 |    16 ||    60
